 Dungeon Crawl Stone Soup version 0.28-a0-863-g8cecda6153 (webtiles) character file.

Game seed: 14015855091778813539

0 croobank the Slasher (level 1, 0/18 HPs)
             Began as a Barachi Cinder Acolyte on Nov 18, 2021.
             Was a High Priest of Ignis.
             Slain by a quokka (2 damage)
             ... on level 1 of the Dungeon.
             The game lasted 00:01:48 (72 turns).

croobank the Slasher (Barachi Cinder Acolyte)         Turns: 72, Time: 00:01:49

Health: 0/18       AC:  2    Str: 15    XL:     1   Next: 10%
Magic:  2/2        EV: 11    Int: 14    God:    Ignis [*****.]
Gold:   0          SH:  0    Dex:  7    Spells: 2/2 levels left

rFire   + . .      SeeInvis .   a - -1 falchion (flame)
rCold   . . .      Faith    .   (no shield)
rNeg    . . .      Spirit   .   b - +0 robe
rPois   .          Reflect  .   (no helmet)
rElec   .          Harm     .   (no cloak)
rCorr   .          Rampage  .   (no gloves)
Will    .....                   (no boots)
Stlth   +.........              (no amulet)
HPRegen 0.06/turn               (no ring)
MPRegen 0.08/turn               (no ring)

@: unable to hop, slow
A: amphibious, slowness 1, strong legs 1, +LOS
a: Hop, Renounce Religion, Sea of Fire, Foxfire Swarm, Rising Flame


You were on level 1 of the Dungeon.
You worshipped Ignis.
Ignis was extremely pleased with you.
You visited 1 branch of the dungeon, and saw 1 of its levels.

Inventory:

Hand Weapons
 a - a -1 falchion of flaming (weapon)
Missiles
 c - 27 stones
Armour
 b - a +0 robe (worn)


   Skills:
 + Level 3.6 Fighting
 + Level 3.7 Long Blades
 + Level 1.1 Spellcasting
 + Level 3.2 Fire Magic


You had 2 spell levels left.
You didn't know any spells.
Your spell library contained the following spells:

 Spells                   Type           Power      Damage    Failure   Level
 Scorch                   Fire           18%        2d6       11%         2


Dungeon Overview and Level Annotations

Branches:
Dungeon (1/15)

Altars:


Innate Abilities, Weirdness & Mutations

You are amphibious.
You cover ground slowly.
You can hop short distances.
You have an extended range of vision and can be seen from far away.


Message History

Found a leather armour.
The quokka barely misses you.
You closely miss the quokka.
The kobold shouts!
The quokka bites you.
You miss the quokka. The quokka closely misses you.
You closely miss the quokka. The quokka bites you.
You closely miss the quokka. The quokka bites you. x2
You hit the quokka but do no damage. The quokka bites you.
The quokka bites you.
* * * LOW HITPOINT WARNING * * *
The kobold hits you with a +0 dagger.
* * * LOW HITPOINT WARNING * * *
Hop to where?
Press: ? - help, Dir - move target Boing!
You don't know any spells.
Okay, then.
Fires begin to smoulder around you!
Okay, then.
You hit the quokka but do no damage.
The quokka bites you but does no damage.
The quokka smothers the flame.
The fire ignites! x2
The kobold smothers the flame.
The fire ignites! x23
You completely miss the kobold.
The quokka bites you but does no damage.
The kobold barely misses you.
You barely miss the kobold. The quokka closely misses you.
The kobold hits you but does no damage. The quokka bites you.
* * * LOW HITPOINT WARNING * * *
You closely miss the kobold. The kobold barely misses you.
The quokka barely misses you.
You barely miss the kobold. The quokka closely misses you.
The kobold barely misses you.
You hit the kobold. You burn the kobold.
You kill the kobold!
The quokka closely misses you. The quokka misses you.
You hit the quokka. You burn the quokka.
The quokka is almost dead.
The quokka bites you.
You die...

##########
#@§§§§§§§#
#r)§§§§§§#
#§.☼§§§§§#
###.§#####
#.§☼#
#[...#.#
...... #§#
.##.. #§#
#. #.#


You could see a quokka.

Vanquished Creatures
  A kobold (D:1)
1 creature vanquished.

Notes
Turn   | Place    | Note
-------+----------+-------------------------------------------
     0 | D:1      | croobank the Barachi Cinder Acolyte began the quest for the
                  | Orb.
     0 | D:1      | Reached XP level 1. HP: 18/18 MP: 2/2
    72 | D:1      | Slain by a quokka

Illustrated notes

Levels and vault maps discovered:
D:1:      amcnicky_arrival_double_pillar, layout_rooms

Action                   || total
-------------------------++-------
Melee: Falchion          ||    12
Invok: Sea of Fire       ||     1
 Abil: Hop               ||     1
Armor: Robe              ||     3
Dodge: Dodged            ||    10

Table legend: (Time is in decaauts)
 A = Elapsed time spent in this place.
 B = Non-inter-level travel time spent in this place.
 C = Inter-level travel time spent in this place.
 D = Time resting spent in this place.
 E = Time spent auto-exploring this place.
 F = Levels seen in this place.
 G = Mean time per level.
                   A        B        C        D        E       F      G
               +--------+--------+--------+--------+--------+-----+--------+
         Total |     84 |     84 |      0 |      0 |     54 |   1 |   84.0 |
       Dungeon |     84 |     84 |      0 |      0 |     54 |   1 |   84.0 |
               +--------+--------+--------+--------+--------+-----+--------+

Top non-repeatable levels by time:
     D:1: 84 daAuts
